 Dungeon Crawl Stone Soup version 0.23.2-40-g277498a001 (webtiles) character file.

Game seed: 7622352266619679996

580 Frank2 the Chopper (level 6, 0/50 HPs)
             Began as a Demigod Gladiator on Aug 29, 2019.
             Slain by a gnoll
             ... wielding a +2 halberd of venom
              (5 damage)
             ... on level 4 of the Dungeon.
             The game lasted 00:04:57 (2913 turns).

Frank2 the Chopper (Demigod Gladiator)              Turns: 2913, Time: 00:04:57

Health: 0/50       AC:  9    Str: 17    XL:     6   Next: 89%
Magic:  10/10      EV: 13    Int: 12    God:
Gold:   136        SH:  0    Dex: 21    Spells: 5/5 levels left

rFire    + . .     SeeInvis .   a - +0 war axe
rCold    . . .     Gourm    .   (no shield)
rNeg     + . .     Faith    .   q - +0 ring mail
rPois    .         Spirit   .   c - +2 helmet
rElec    .         Reflect  .   j - +0 cloak
rCorr    .         Harm     .   (no gloves)
MR       .....                  (no boots)
Stlth    +.........             (no amulet)
HPRegen  0.16/turn              b - ring of positive energy
MPRegen  0.12/turn              v - ring of protection from fire

@: lethally poisoned (0 -> -7), berserk cooldown, glowing
A: high mp 1
a: no special abilities


You were on level 4 of the Dungeon.
You were not hungry.

You visited 1 branch of the dungeon, and saw 4 of its levels.

You collected 136 gold pieces.

Inventory:

Hand Weapons
 a - a +0 war axe (weapon)
Missiles
 d - 3 throwing nets (quivered)
Armour
 c - a +2 helmet (worn)
 j - a +0 cloak (worn)
 q - a +0 ring mail (worn)
Jewellery
 b - a ring of positive energy (left hand)
 m - an uncursed ring of flight
 v - a ring of protection from fire (right hand)
Wands
 i - a wand of iceblast (3)
 u - a wand of acid (13)
Scrolls
 p - 3 scrolls of remove curse
Potions
 e - a potion of lignification
 h - a potion of flight {unknown}
 n - 2 potions of brilliance
 o - a potion of mutation {unknown}
 r - a potion of haste {unknown}
 w - a potion of magic {unknown}
Comestibles
 f - 6 rations


   Skills:
 + Level 2.9 Fighting
 + Level 5.4 Axes
 - Level 1.8 Throwing
 + Level 2.3 Armour
 + Level 3.7 Dodging
 * Level 2.4 Evocations


You had 5 spell levels left.
You didn't know any spells.
Your spell library was empty.

Dungeon Overview and Level Annotations

Branches:
Dungeon (4/15)             Temple (0/1) D:4

Annotations:
D:4 1 transporter


Innate Abilities, Weirdness & Mutations

You have an increased reservoir of magic. (+10% MP)


Message History

You are poisoned.
You slash the gnoll shaman!
You kill the gnoll shaman!
You feel sick. The gnoll barely misses you.
You feel sick. The gnoll hits you but does no damage.
You are lethally poisoned!
Items here: $ ) [ † a +0 whip; a +0 leather armour; 32 gold pieces; a gnoll corpse
* * * LOW HITPOINT WARNING * * *
You feel sick.
You slash the gnoll!
The gnoll is heavily wounded.
* * * LOW HITPOINT WARNING * * *
You feel sick. The gnoll barely misses you.
You closely miss the gnoll.
The gnoll is heavily wounded.
* * * LOW HITPOINT WARNING * * *
You feel sick.
The gnoll hits you with a +2 halberd of venom.
You die...

.......≈≈#..###.###..#≈≈..#
...#...≈≈#........ ..#≈≈..#
.......≈≈###.##'##.###≈≈..#
)#.#...≈≈..#.#g..#.#..≈≈..#
.......≈≈.##.#..g#.##.≈≈..#
)......≈≈.#©.#.:W#..#.≈≈..#
.......≈≈.##.#####.##.≈≈..#
...........#.#8⌠8#.#..≈≈..#
..........©#.'.©@g.#©.≈≈..#
...........#)#.)/#.#..≈≈..#
.......≈≈.##.##.##.##.≈≈..#
######.≈≈.#..#...#..#.≈≈..#
#.≈≈.##.#⌠.⌠#!##.≈≈..#
######.≈≈..#.#...#.#..≈≈..#
.......≈≈###.##'##.###≈≈..#
#####..≈≈#...........#≈≈..#
#..≈≈#..###.###..#≈≈..#


You could see a gnoll.

Vanquished Creatures
  A phantom (D:4)
  The ghost of Toxa551 the Skirmisher, an amateur MiFi of the Shining One (D:4)
  An ogre (D:4)
  An orc priest (D:4)
  A hound (D:4)
  2 orc wizards
  A gnoll shaman (D:4)
  A worker ant (D:4)
  3 adders
  2 gnolls (D:4)
  An ooze (D:3)
  3 worms
  3 leopard geckos
  11 orcs (D:4)
  3 giant cockroaches
  10 goblins
  3 hobgoblins
  8 jackals
  3 quokkas
  5 ball pythons
  2 bats
  4 frilled lizards
  6 kobolds
  4 rats
80 creatures vanquished.

Vanquished Creatures (others)
  6 plants (D:4)
6 creatures vanquished.

Grand Total: 86 creatures vanquished

Notes
Turn   | Place    | Note
-------+----------+-------------------------------------------
     0 | D:1      | Frank2 the Demigod Gladiator began the quest for the Orb.
     0 | D:1      | Reached XP level 1. HP: 17/17 MP: 3/3
   271 | D:1      | Reached skill level 3 in Axes
   319 | D:1      | Reached XP level 2. HP: 24/24 MP: 4/4
   587 | D:2      | Found a stormy altar of Qazlal.
   871 | D:2      | Found a faded altar of an unknown god.
   887 | D:2      | Reached XP level 3. HP: 28/29 MP: 5/5
  1287 | D:3      | Reached XP level 4. HP: 36/36 MP: 6/6
  1558 | D:3      | Reached skill level 4 in Axes
  1558 | D:3      | Reached skill level 1 in Armour
  1558 | D:3      | Reached skill level 1 in Evocations
  1561 | D:3      | Found a deep blue altar of Sif Muna.
  1676 | D:4      | Noticed a phantom
  1698 | D:4      | Killed a phantom
  1698 | D:4      | Reached XP level 5. HP: 30/42 MP: 8/8
  1731 | D:4      | Found a staircase to the Ecumenical Temple.
  2020 | D:4      | Found a hazy altar of Hepliaklqana.
  2100 | D:4      | Found a transporter.
  2100 | D:4      | Found a transporter.
  2106 | D:4      | Identified the +1 scale mail "Qaysch" {+Fly rN+}
  2110 | D:4      | Noticed Toxa551's ghost (amateur MiFi)
  2251 | D:4      | Reached XP level 6. HP: 12/50 MP: 10/10
  2665 | D:4      | Reached skill level 5 in Axes
  2889 | D:4      | HP: 2/50 [Toxa551's ghost (13)]
  2893 | D:4      | Killed Toxa551's ghost
  2900 | D:4      | HP: 2/50 [gnoll shaman/+0 whip (6)]
  2913 | D:4      | Slain by a gnoll

Skill      XL: |  1  2  3  4  5  6 |
---------------+-------------------+-----
Axes           | 3 4 5 |  5.4
Dodging        | 3 |  3.7
Fighting       | 2 |  2.9
Armour         | 1 2 |  2.3
Evocations     | 1 2 |  2.4
Throwing       | |  1.8

Action                   |  1- 3 |  4- 6 || total
-------------------------+-------+-------++-------
Melee: War axe           |   110 |   182 ||   292
Evoke: Wand              |       |     2 ||     2
  Use: Scroll            |     5 |     9 ||    14
       Potion            |       |     6 ||     6
  Eat: Chunk             |     1 |     6 ||     7
Armor: Leather armour    |    20 |       ||    20
       Ring mail         |    26 |    84 ||   110
Dodge: Dodged            |    80 |   145 ||   225
